 Dungeon Crawl Stone Soup version 0.27-a0-550-ge92ec0ca06 (webtiles) character file.

Game seed: 18133560767084391291

9163 wakim the Tainter (level 11, -15/71 HPs)
             Began as an Octopode Venom Mage on Mar 7, 2021.
             Was an Initiate of Gozag.
             Killed from afar by Jorgrun (61 damage)
             ... with an iron shot
             ... on level 1 of the Orcish Mines.
             The game lasted 00:59:50 (15182 turns).

wakim the Tainter (Octopode Venom Mage)            Turns: 15182, Time: 00:59:51

Health: -15/71     AC:  5    Str:  8    XL:     11   Next: 42%
Magic:  15/22      EV: 28    Int: 25    God:    Gozag
Gold:   696        SH:  6    Dex: 12    Spells: 11/25 levels left

rFire    . . .     SeeInvis .   a - +1 rapier (elec)
rCold    + . .     Faith    .   p - +1 buckler
rNeg     . . .     Spirit   .   (helmet restricted)
rPois    +         Reflect  .   (no amulet)
rElec    .         Harm     .   v - +4 ring of protection
rCorr    .         Rampage  .   u - ring of poison resistance
Will     +....                  J - ring of Irrez {EV+4 Int+4}
Stlth    ++++......             D - ring of wizardry
HPRegen  0.21/turn              K - +4 ring of evasion
MPRegen  0.18/turn              x - ring of protection from cold
                                G - ring of willpower
                                I - +4 ring of evasion

@: gold aura
A: almost no armour, amphibious, 8 rings, constrict 8, camouflage 1, gelatinous
body 1, nimble swimmer 1
a: Renounce Religion, Potion Petition, Call Merchant, Bribe Branch


You were on level 1 of the Orcish Mines.
You worshipped Gozag.
Gozag was pleased with you.
You visited 3 branches of the dungeon, and saw 14 of its levels.

You collected 1894 gold pieces.
You spent 408 gold pieces at shops.
You paid 790 gold pieces to Gozag.

Inventory:

Hand Weapons
 a - a +1 rapier of electrocution (weapon)
 b - a +0 hunting sling of freezing
Missiles
 c - 97 sling bullets
 y - a throwing net
Armour
 p - a +1 buckler (worn)
Jewellery
 n - a ring of fire
 o - a ring of flight
 u - a ring of poison resistance (right tentacle)
 v - a +4 ring of protection (left tentacle)
 x - a ring of protection from cold (on tentacle)
 D - a ring of wizardry (on tentacle)
 E - a ring of ice
 G - a ring of willpower (on tentacle)
 I - a +4 ring of evasion (on tentacle)
 J - the ring of Irrez (on tentacle) {EV+4 Int+4}
   (You found it on level 7 of the Dungeon)

   [ring of evasion]

   It affects your evasion (+4).
   It affects your intelligence (+4).
 K - a +4 ring of evasion (on tentacle)
Wands
 j - a wand of digging (1)
 s - a wand of flame (4)
 t - a wand of iceblast (15)
 B - a wand of polymorph (10)
Scrolls
 g - a scroll of immolation
 i - 2 scrolls of magic mapping
 l - 7 scrolls of amnesia
 m - 4 scrolls of enchant armour
 w - 7 scrolls of teleportation
 A - a scroll of torment {unknown}
 C - a scroll of identify
 L - a scroll of brand weapon {unknown}
 M - a scroll of fear
Potions
 d - 2 potions of heal wounds
 e - 2 potions of ambrosia
 f - 7 potions of flight
 h - 5 potions of mutation
 k - a potion of cancellation
 q - 4 potions of might
 r - a potion of resistance
 z - a potion of haste
 F - 2 potions of curing
 H - a potion of berserk rage


   Skills:
 - Level 5.0 Fighting
 - Level 8.0 Dodging
 - Level 5.0 Stealth
 - Level 4.0 Shields
 * Level 7.8 Spellcasting
 + Level 7.1 Transmutations
 - Level 2.0 Fire Magic
 + Level 10.8 Poison Magic


You had 11 spell levels left.
You knew the following spells:

 Your Spells              Type           Power      Damage    Failure   Level
a - Olgreb's Toxic Radia  Pois           59%        N/A       1%          4
b - Poisonous Vapours     Pois/Air       72%        N/A       1%          2
c - Ignite Poison         Fire/Tmut/Pois 43%        N/A       1%          3
d - Yara's Violent Unrav  Hex/Tmut       13%        3d7       16%         5

Your spell library contained the following spells:

 Spells                   Type           Power      Damage    Failure   Level
 Sting                    Tmut/Pois      100%       1d8       1%          1
 Mephitic Cloud           Conj/Pois/Air  27%        N/A       1%          3
 Summon Small Mammal      Summ           36%        N/A       2%          1
 Call Imp                 Summ           9%         N/A       4%          2
 Conjure Flame            Conj/Fire      14%        6-21      4%          3
 Petrify                  Tmut/Erth      27%        N/A       6%          4
 Call Canine Familiar     Summ           9%         N/A       8%          3
 Confusing Touch          Hex            9%         N/A       8%          3
 Gell's Gravitas          Tloc           4%         N/A       8%          3
 Summon Guardian Golem    Hex/Summ       9%         N/A       8%          3
 Summon Ice Beast         Ice/Summ       9%         N/A       24%         4
 Summon Lightning Spire   Summ/Air       9%         N/A       24%         4
 Metabolic Englaciation   Hex/Ice        4%         N/A       52%         5
 Freezing Cloud           Conj/Ice/Air   4%         6-21      97%         6


Dungeon Overview and Level Annotations

Branches:
Dungeon (12/15)            Temple (1/1) D:5            Lair (0/6) D:8
    Orc (1/2) D:12

Altars:
Ashenzari
Cheibriados
Dithmenos
Elyvilon
Fedhas
Gozag
Hepliaklqana
Kikubaaqudgha
Makhleb
Nemelex Xobeh
Okawaru
Qazlal
Ru
Sif Muna
Trog
Uskayaw
Vehumet
Wu Jian
Xom
Yredelemnul
Zin
The Shining One

Shops:
D:9 [   D:10 ?   D:12 :

Annotations:
D:9 3 runed translucent doors, cavalnite's ghost, journeyman GrFi
D:11 3 runed translucent doors, Philosophunculist's ghost, journeyman DsAK
Orc:1 Jorgrun


Innate Abilities, Weirdness & Mutations

You cannot wear most types of armour.
You are amphibious.
You can wear up to eight rings at the same time.
You can use your tentacles to constrict eight enemies at once.
Your skin changes colour to match your surroundings (Stealth+).
Your rubbery body absorbs attacks. (AC +1, EV +1)
You are stealthy while swimming. (Stealth+)


Message History

You climb upwards.
Welcome back to the Dungeon!
There is a staircase to the Orcish Mines here.
You start resting.
Magic restored.
You start resting.
HP restored.
You climb downwards.
Welcome back to the Orcish Mines!
Level annotation: Jorgrun The orc priest miscasts a cantrip.
There is a staircase back to the Dungeon, spattered with blood here.
Press: ? - help, v - describe, . - travel, g - get item
Here: Jorgrun, wielding a +0 vorpal quarterstaff and wearing a +0 robe (wandering, hasn't noticed you)
Items here: 6 gold pieces; a +0 robe; a +0 dagger.
The floor.
Casting: Ignite Poison (safe; 1% risk of failure)
Confirm with . or Enter, or press ? or * to list all spells.
You begin to radiate toxic energy.
Jorgrun shouts!
Jorgrun is poisoned.
The orc priest is poisoned.
The orc priest looks even sicker.
The orc priest mumbles some strange prayers to Beogh against you.
You easily resist.
Jorgrun points at you and mumbles some strange words.
The wall shatters!
The blast of rock fragments hits you!!
The orc priest looks even sicker.
Casting: Olgreb's Toxic Radiance (safe; 1% risk of failure)
Confirm with . or Enter, or press ? or * to list all spells.
You ignite the poison in your surroundings!
Jorgrun seems to burn from within!!
Jorgrun is moderately wounded.
The orc priest seems to burn from within!!
You kill the orc priest!
Jorgrun is poisoned.
Your toxic aura wanes.
Jorgrun mutters some incantations to himself.
Jorgrun gestures at you while chanting. The iron shot hits you!!!
Ouch! That really hurt!
You die...
Your body crumbles into a pile of gold.

.. ##. #..## .##..
....#
.......##...##
.............# #
............# #.##
.....#......#....#
.$o..#...#..$...#
$$8$$....#@....#
'###...$..#.#...#
#....$$##.# ##
#.$.>.##$.g#
#....$.. #$#
#...$.$#.# ...
.....$o.. # ...
........... ..
.............


You could see Jorgrun (poisoned).

Vanquished Creatures
  2 two-headed ogres
  Pikel (D:8)
  3 slime creatures (D:9)
  8 yaks (D:11)
  A wyvern (D:7)
  A wraith (D:10)
  2 basilisks
  Edmund (D:6)
  A water moccasin (D:7)
  Duvessa (D:6)
  4 sky beasts
  2 orc warriors
  4 necrophages
  9 ogres
  3 ice beasts
  A lemure (D:8)
  A phantom (D:7)
  3 centaurs
  A kobold brigand (D:11)
  8 bullfrogs
  2 scorpions
  Dowan (D:6)
  A water moccasin skeleton (D:7)
  A killer bee (D:7)
  A wight (D:7)
  3 howler monkeys
  2 centaur zombies
  A quasit (D:7)
  10 orc priests
  4 hounds
  3 jellies
  2 bullfrog skeletons
  3 centaur skeletons
  Ijyb (D:3)
  5 iguanas
  11 orc wizards
  7 worker ants
  4 gnolls
  10 adders
  3 white imps
  An ufetubus (D:10)
  An adder skeleton (D:7)
  3 worms
  2 dart slugs
  8 leopard geckos
  37 orcs
  4 giant cockroaches
  6 goblins
  5 hobgoblins
  22 jackals
  4 quokkas
  A ball python (D:3)
  6 bats
  3 frilled lizards
  A jackal zombie (D:5)
  11 kobolds
  A leopard gecko skeleton (D:4)
  2 leopard gecko zombies
  A quokka skeleton (D:7)
  7 rats
  A spectral orc (D:7)
259 creatures vanquished.

Vanquished Creatures (others)
  9 fungi (D:12)
  8 plants
17 creatures vanquished.

Grand Total: 276 creatures vanquished

Notes
Turn   | Place    | Note
-------+----------+-------------------------------------------
     0 | D:1      | wakim the Octopode Venom Mage began the quest for the Orb.
     0 | D:1      | Reached XP level 1. HP: 11/11 MP: 3/3
   282 | D:1      | Reached XP level 2. HP: 13/17 MP: 5/5
   364 | D:1      | Learned a level 2 spell: Poisonous Vapours
  1026 | D:2      | Reached XP level 3. HP: 21/21 MP: 6/6
  1169 | D:2      | Reached skill level 5 in Stealth
  1213 | D:2      | Learned a level 3 spell: Ignite Poison
  1370 | D:2      | Reached skill level 4 in Poison Magic
  1471 | D:2      | Found a shimmering blue altar of Sif Muna.
  1711 | D:2      | Found a hide-covered altar of Uskayaw.
  1997 | D:2      | Reached skill level 1 in Shields
  2050 | D:2      | Reached XP level 4. HP: 27/27 MP: 4/7
  2607 | D:3      | Noticed Ijyb
  2628 | D:3      | Killed Ijyb
  3074 | D:3      | Reached XP level 5. HP: 31/31 MP: 5/8
  4048 | D:4      | Reached XP level 6. HP: 36/36 MP: 4/10
  4422 | D:4      | Learned a level 4 spell: Olgreb's Toxic Radiance
  4577 | D:4      | Reached skill level 5 in Poison Magic
  4738 | D:4      | Reached XP level 7. HP: 41/41 MP: 1/11
  4859 | D:4      | Found a shimmering blue altar of Sif Muna.
  4908 | D:4      | Reached skill level 6 in Poison Magic
  5208 | D:5      | Entered Level 5 of the Dungeon
  5223 | D:5      | Found a staircase to the Ecumenical Temple.
  5251 | Temple   | Entered the Ecumenical Temple
  5488 | Temple   | Became a worshipper of Gozag Ym Sagoz the Greedy
  5569 | D:5      | Reached skill level 7 in Poison Magic
  5656 | D:5      | Reached skill level 1 in Fire Magic
  5745 | D:5      | Identified the +7 flail "Haipp" {drain, *Slow +Blink rC+
                  | Int+5 SInv}
  5927 | D:5      | Reached XP level 8. HP: 46/46 MP: 1/12
  6527 | D:6      | Noticed Edmund
  6534 | D:6      | Found a glowing golden altar of the Shining One.
  6535 | D:6      | Killed Edmund
  6831 | D:6      | Reached skill level 5 in Dodging
  7141 | D:6      | You fall into a shaft and drop 1 floor!
  7210 | D:7      | Found a hazy altar of Hepliaklqana.
  7462 | D:6      | Noticed Dowan
  7465 | D:6      | Noticed Duvessa
  7468 | D:6      | Killed Dowan
  7468 | D:6      | Killed Duvessa
  7469 | D:6      | Reached XP level 9. HP: 51/51 MP: 6/15
  8025 | D:7      | Reached skill level 5 in Spellcasting
  8112 | D:7      | Reached skill level 8 in Poison Magic
  8371 | D:7      | Noticed a two-headed ogre
  8375 | D:7      | Killed a two-headed ogre
  8376 | D:7      | Reached skill level 5 in Transmutations
  8376 | D:7      | Reached skill level 9 in Poison Magic
  8471 | D:7      | Reached XP level 10. HP: 52/56 MP: 19/19
  8672 | D:7      | Identified the ring of Irrez {EV+4 Int+4}
  8897 | D:7      | Reached skill level 10 in Poison Magic
  9158 | D:7      | Reached skill level 1 in Fighting
  9353 | D:8      | Noticed Pikel
  9355 | D:8      | Killed Pikel
  9399 | D:8      | Found a staircase to the Lair.
  9781 | D:8      | Found an ancient bone altar of Kikubaaqudgha.
  9847 | D:9      | Found a runed translucent gate.
  9847 | D:9      | Noticed a brown ugly thing
  9847 | D:9      | Noticed a brown ugly thing
  9847 | D:9      | Noticed a centaur warrior
 10048 | D:9      | Noticed cavalnite's ghost (journeyman GrFi)
 10050 | D:9      | Found a runed translucent gate.
 10050 | D:9      | Found a runed translucent gate.
 10111 | D:9      | Found a bloodstained altar of Trog.
 10752 | D:10     | Entered Level 10 of the Dungeon
 10767 | D:10     | Found Xeyqueh's Magic Scroll Shoppe.
 10784 | D:10     | Bought a scroll of teleportation for 42 gold pieces
 10784 | D:10     | Bought a scroll of teleportation for 42 gold pieces
 10784 | D:10     | Bought a scroll of identify for 28 gold pieces
 10784 | D:10     | Bought a scroll of identify for 28 gold pieces
 10784 | D:10     | Bought a scroll of identify for 28 gold pieces
 12318 | D:10     | Noticed a two-headed ogre
 12321 | D:10     | Killed a two-headed ogre
 12322 | D:10     | Reached skill level 5 in Fighting
 12865 | D:11     | Reached XP level 11. HP: 71/71 MP: 12/20
 14232 | D:11     | Found a runed translucent gate.
 14232 | D:11     | Found a runed translucent gate.
 14236 | D:11     | Found a runed translucent gate.
 14237 | D:11     | Noticed Philosophunculist's ghost (journeyman DsAK)
 14546 | D:12     | Found a staircase to the Orcish Mines.
 14627 | D:12     | Found a blossoming altar of Fedhas.
 14715 | D:12     | Found Tofo's Book Emporium.
 14735 | D:12     | Bought a book of Misfortune for 240 gold pieces
 14741 | D:12     | Learned a level 5 spell: Yara's Violent Unravelling
 14907 | Orc:1    | Entered Level 1 of the Orcish Mines
 15056 | Orc:1    | Noticed Jorgrun
 15182 | Orc:1    | Killed from afar by Jorgrun

Illustrated notes

Levels and vault maps discovered:
D:1:      dpeg_arrival_boxorama, layout_loops_ring, minivault_25
D:2:      layout_loops_cross, nicolae_sif_muna_condensation,
          nicolae_overflow_crystal_walls
D:3:      layout_basic, serial_bayou_crossing, uniq_ijyb
D:4:      minmay_angry_zag, layout_basic, corexii_leaking_fountain,
          minmay_misc_feat_tiny, lemuel_blue_sif_altar
D:5:      layout_loops_ring, minmay_temple_entry_glass, chequers_garden
D:6:      layout_rooms, old_standard_altar, uniq_duvessa, uniq_edmund
D:7:      minmay_the_grid_octo_tiled_squarecenter
          [minmay_the_grid_octo_fan_narrow, minmay_the_grid_octo_fat_diamond,
          minmay_the_grid_octo_checkered, minmay_the_grid_octo_chip,
          minmay_the_grid_square_5x5_megaprize_checkered,
          minmay_the_grid_square_5x5_checkered, minmay_the_grid_square_5x5_v,
          minmay_the_grid_square_5x5_two_small,
          minmay_the_grid_square_5x5_fancy_junction], layout_cave_pools,
          nicolae_hepliaklqana_monster_ancestors
D:8:      layout_rooms, kennysheep_little_box, lair_entry_dummy, uniq_pikel
D:9:      layout_long_grid, old_standard_altar, gammafunk_ghost_split,
          kennysheep_dice
D:10:     layout_layer_cave, serial_shops, nicolae_shop_stone
D:11:     layout_loops_ring, gammafunk_ghost_spectres
D:12:     layout_rooms, orc_0_dummy, serial_shops, shop, fedhas_altar_3
Temple:   regret_index_temple_sphere_string
Orc:1:    layout_caves, nicolae_orc_bridge_out, minmay_orc_temple_a,
          uniq_jorgrun

Skill      XL: |  1  2  3  4  5  6  7  8  9 10 11 |
---------------+----------------------------------+-----
Stealth        | 3 4 5 |  5.0
Poison Magic   | 4 5 7 9 10 | 10.8
Shields        | 1 2 4 |  4.0
Spellcasting   | 3 4 6 7 |  7.8
Transmutations | 2 3 5 6 7 |  7.1
Fire Magic     | 1 2 |  2.0
Dodging        | 3 6 8 |  8.0
Fighting       | 5 |  5.0

Action                   |  1- 3 |  4- 6 |  7- 9 | 10-12 || total
-------------------------+-------+-------+-------+-------++-------
Melee: Unarmed           |    22 |       |       |       ||    22
       Constrict         |    12 |     9 |    22 |    13 ||    56
       Tentacles         |     5 |     8 |    19 |    20 ||    52
       Dagger            |    19 |    39 |    48 |       ||   106
       Short sword       |       |       |     2 |       ||     2
       Rapier            |       |       |    62 |   131 ||   193
 Fire: Hunting sling     |    27 |     4 |       |     5 ||    36
 Cast: Sting             |     1 |     2 |       |       ||     3
       Poisonous Vapours |    15 |    48 |    29 |    31 ||   123
       Ignite Poison     |       |     3 |    17 |    25 ||    45
       Olgreb's Toxic Ra |       |     1 |    14 |    26 ||    41
       Yara's Violent Un |       |       |       |     1 ||     1
Invok: Call Merchant     |       |       |       |     1 ||     1
Evoke: Wand              |       |     5 |       |     9 ||    14
  Use: Scroll            |       |     1 |     6 |    17 ||    24
 Stab: Sleeping          |     2 |     3 |     7 |     3 ||    15
       Distracted        |       |       |       |     1 ||     1
Armor: Skin              |     2 |     8 |    22 |    15 ||    47
Dodge: Dodged            |    27 |    23 |    50 |   107 ||   207
Block: Buckler           |     2 |     5 |    23 |    30 ||    60

Table legend: (Time is in decaauts)
 A = Elapsed time spent in this place.
 B = Non-inter-level travel time spent in this place.
 C = Inter-level travel time spent in this place.
 D = Time resting spent in this place.
 E = Time spent auto-exploring this place.
 F = Levels seen in this place.
 G = Mean time per level.
                   A        B        C        D        E       F      G
               +--------+--------+--------+--------+--------+-----+--------+
         Total |  15237 |  14717 |    520 |   4513 |   6484 |  14 | 1088.4 |
       Dungeon |  14866 |  14362 |    504 |   4398 |   6349 |  12 | 1238.8 |
        Temple |    305 |    289 |     16 |     80 |    135 |   1 |  305.0 |
  Orcish Mines |     65 |     65 |      0 |     35 |      0 |   1 |   65.0 |
               +--------+--------+--------+--------+--------+-----+--------+

Top non-repeatable levels by time:
    D:10: 1688 daAuts
    D:11: 1517 daAuts
     D:7: 1510 daAuts
     D:3: 1508 daAuts
     D:9: 1467 daAuts
     D:4: 1408 daAuts
     D:2: 1376 daAuts
     D:6: 1275 daAuts
     D:1: 980 daAuts
     D:5: 969 daAuts
    D:12: 633 daAuts
     D:8: 530 daAuts
  Temple: 305 daAuts
   Orc:1: 65 daAuts
